 Dungeon Crawl Stone Soup version 0.19-a0-465-g1d1674b (webtiles) character file.

36 Kidiri the Magician (level 3, -3/19 HPs)
             Began as a Deep Elf Fire Elementalist on June 3, 2016.
             Splashed by a jelly's acid (9 damage)
             ... on level 1 of the Dungeon.
             The game lasted 00:03:41 (1292 turns).

Kidiri the Magician (Deep Elf Fire Elementalist)    Turns: 1292, Time: 00:03:42

Health: -3/19      AC:  2    Str:  5    XL:     3   Next: 19%
Magic:  0/10       EV: 13    Int: 20    God:
Gold:   50         SH:  0    Dex: 15    Spells: 2 memorised, 6 levels left

rFire  . . .     SeeInvis .     (no weapon)
rCold  . . .     Gourm    .     a - +0 robe
rNeg   . . .     Faith    .     (no shield)
rPois  .         Spirit   .     (no helmet)
rElec  .         Dismiss  .     (no cloak)
rCorr  .         Reflect  .     (no gloves)
SustAt .         Harm     .     (no boots)
MR     .....                    (no amulet)
Stlth  ++........               (no ring)
                                (no ring)

@: not resistant to hostile enchantments, unstealthy
A: no striking features
a: no special abilities


You were on level 1 of the Dungeon.
You were not hungry.

You visited 1 branch of the dungeon, and saw 1 of its levels.

You collected 50 gold pieces.

Inventory:

Armour
 a - a +0 robe (worn)
Scrolls
 g - a scroll of recharging {unknown}
 j - a scroll of remove curse {unknown}
Potions
 e - a potion of curing
 f - a potion of berserk rage {unknown}
 i - a potion of ambrosia {unknown}
Books
 b - a book of Flames

   Spells                             Type                      Level
   a - Flame Tongue                   Conjuration/Fire             1
   b - Throw Flame                    Conjuration/Fire             2
   c - Conjure Flame                  Conjuration/Fire             3
   d - Inner Flame                    Hexes/Fire                   3
   e - Sticky Flame                   Conjuration/Fire             4
   f - Fireball                       Conjuration/Fire             5
Comestibles
 c - 2 bread rations
 h - a meat ration


   Skills:
 - Level 2.4 Dodging
 - Level 2.4 Stealth
 * Level 3.8 Spellcasting
 * Level 2.1 Conjurations
 * Level 3.8 Fire Magic


You had 6 spell levels left.
You knew the following spells:

 Your Spells              Type           Power        Failure   Level  Hunger
a - Flame Tongue          Conj/Fire      ###..        4%          1    None
b - Throw Flame           Conj/Fire      ###...       10%         2    ##.....


Dungeon Overview and Level Annotations

Branches:
Dungeon (1/15)

Altars:


Message History

The giant cockroach bites you but does no damage.
You hit the giant cockroach but do no damage.
The giant cockroach is heavily wounded.
The giant cockroach closely misses you.
Casting: Flame Tongue
Confirm with . or Enter, or press ? or * to list all spells.
Aiming: Flame Tongue
Press: ? - help, Shift-Dir - straight line, f/p - giant cockroach
Aim: a giant cockroach (heavily wounded, clinging)
The flame tongue hits the giant cockroach.
You kill the giant cockroach!
Casting: Flame Tongue
Confirm with . or Enter, or press ? or * to list all spells.
Aiming: Flame Tongue
Press: ? - help, Shift-Dir - straight line, f - jelly
Aim: a jelly The flame tongue hits the jelly.
The jelly is heavily wounded.
The jelly hits you.
You are splashed with acid!
The acid burns!
You die...

.....# #.....# #.#..#
.....# #.....# #.##.### #
.....# #.....# #.##...##
# ###### #.....#
#.##.#..###### # #.....#
#.##...s.sJ†h. #.....#
#.##.J###'#### # #.[...#
#.....#..⌠...> #
#.....########...#......<
#
#.....'.@J†.†....'⌠....##
#
#.....#########..#.......
# #.##### #..#######' #
###.######## #..# ..r.. #
#..........# #..#.....s.
##### #..........#
#..#.......
....###..........#
#..########
..#...#..........#
#..........
.#.#..#..........#
#..........


You could see a jelly.

Vanquished Creatures
  An ooze (D:1)
  A dart slug (D:1)
  A giant gecko (D:1)
  4 bats (D:1)
  6 giant cockroaches (D:1)
  2 goblins (D:1)
  A hobgoblin (D:1)
  3 jackals (D:1)
  2 kobolds (D:1)
  A ball python (D:1)
  A giant newt (D:1)
  4 rats (D:1)
27 creatures vanquished.

Notes
Turn   | Place    | Note
--------------------------------------------------------------
     0 | D:1      | Kidiri the Deep Elf Fire Elementalist began the quest for the Orb.
     0 | D:1      | Reached XP level 1. HP: 10/10 MP: 6/6
     1 | D:1      | Found a runed door.
     1 | D:1      | Noticed a jelly
   371 | D:1      | Reached XP level 2. HP: 15/15 MP: 6/8
   375 | D:1      | Learned a level 2 spell: Throw Flame
  1250 | D:1      | Reached XP level 3. HP: 15/19 MP: 0/10
  1292 | D:1      | Splashed by a jelly's acid

Vault maps used:
D:1:      dpeg_arrival_caged_fury, serial_bayou_pond_a, minmay_misc_feat_rows,
          hangedman_decor_slide_cut

Skill      XL: |  1  2 |
---------------+-------+-----
Conjurations   | 2 |  2.1
Dodging        | |  2.4
Stealth        | |  2.4
Spellcasting   | |  3.8
Fire Magic     | |  3.8

Action                   || total
-------------------------++-------
Melee: Unarmed           ||    48
 Cast: Flame Tongue      ||    29
       Throw Flame       ||     7
  Use: Potion            ||     2
  Eat: Chunk             ||     1
Armor: Robe              ||    18
Dodge: Dodged            ||    37
